 Dungeon Crawl Stone Soup version 0.29-a0-284-gf9362112df (webtiles) character file.

Game seed: 5074137385258891442

292 domi the Conjurer (level 6, 0/41 HPs)
             Began as a Demonspawn Hedge Wizard on Mar 30, 2022.
             Slain by Edmund
             ... wielding a +3 dire flail of protection
              (7 damage)
             ... on level 4 of the Dungeon.
             The game lasted 00:07:21 (3716 turns).

domi the Conjurer (Demonspawn Hedge Wizard)         Turns: 3716, Time: 00:07:21

Health: 0/41       AC:  3    Str: 10    XL:     6   Next: 10%
Magic:  12/12      EV: 11    Int: 18    God:
Gold:   229        SH:  4    Dex: 12    Spells: 5/13 levels left

rFire   . . .      SeeInvis .   e - +2 hunting sling (freeze)
rCold   . . .      Faith    .   t - +0 buckler
rNeg    . . .      Spirit   .   b - +0 robe
rPois   .          Reflect  .   c - +0 hat
rElec   .          Harm     .   s - +0 cloak
rCorr   .          Rampage  .   (no gloves)
Will    .....                   (no boots)
Stlth   ++........              (no amulet)
HPRegen 0.13/turn               (no ring)
MPRegen 0.26/turn               (no ring)

@: no status effects
A: spiny 1, magic regeneration, demonic touch 2
a: no special abilities


You were on level 4 of the Dungeon.
You visited 1 branch of the dungeon, and saw 4 of its levels.

You collected 229 gold pieces.

Inventory:

Hand Weapons
 a - a +0 dagger
 e - a +2 hunting sling of freezing (weapon)
   (You found it on level 1 of the Dungeon)
Missiles
 i - 6 curare-tipped darts {=f}
 k - 6 boomerangs
 x - a throwing net {=f, !d=f}
Armour
 b - a +0 robe (worn)
 c - a +0 hat (worn)
 s - a +0 cloak (worn)
   (You found it on level 3 of the Dungeon)
 t - a +0 buckler (worn)
   (You found it on level 3 of the Dungeon)
 w - a +0 pair of gloves
   (You found it on level 4 of the Dungeon)
Jewellery
 u - an amulet of regeneration {+regen, !d}
   (You found it on level 3 of the Dungeon)
Wands
 v - a wand of acid (10)
   (You found it on level 4 of the Dungeon)
Scrolls
 h - a scroll of enchant armour {unknown}
 j - a scroll of immolation {!r!r}
 o - 8 scrolls of identify {unknown}
 p - 2 scrolls of summoning {unknown}
 q - 2 scrolls of fear {unknown}
 r - a scroll of holy word {unknown}
Potions
 d - a potion of magic
 f - 3 potions of heal wounds {unknown}
 g - a potion of mutation {unknown}
 l - a potion of curing {unknown}
 m - a potion of haste {unknown}
 n - 3 potions of resistance {unknown}


   Skills:
 - Level 1.7 Dodging
 - Level 1.7 Stealth
 + Level 1.8 Shields
 + Level 4.2 Spellcasting
 * Level 4.7 Conjurations
 - Level 1.0 Summonings
 - Level 0.8 Translocations


You had 5 spell levels left.
You knew the following spells:

 Your Spells              Type           Power      Damage    Failure   Level
b - Blink                 Tloc           12%        N/A       21%         2
c - Mephitic Cloud        Conj/Pois/Air  9%         N/A       30%         3
x - Call Imp              Summ           7%         N/A       19%         2
z - Magic Dart            Conj           80%        1d7       2%          1

Your spell library contained the following spells:

 Spells                   Type           Power      Damage    Failure   Level
 Slow                     Hex            12%        N/A       19%         1
 Conjure Flame            Conj/Fire      12%        6-21      22%         3
 Ozocubu's Armour         Ice            3%         N/A       50%         3
 Tukima's Dance           Hex            3%         N/A       50%         3
 Anguish                  Hex/Necr       1%         N/A       88%         4
 Animate Dead             Necr           1%         N/A       88%         4
 Metabolic Englaciation   Hex/Ice        1%         N/A       99%         5
 Simulacrum               Ice/Necr       1%         N/A       100%        6
 Enfeeble                 Hex            1%         N/A       100%        7
 Haunt                    Necr/Summ      2%         N/A       100%        7
 Infestation              Necr           1%         N/A       100%        8


Dungeon Overview and Level Annotations

Branches:
Dungeon (4/15)
 Temple: D:4-7

Altars:
Uskayaw

Annotations:
D:3 1 runed translucent door, Crazy Yiuf
D:4 Edmund


Innate Abilities, Weirdness & Mutations

You are partially covered in sharp spines.
You regenerate magic rapidly.
Your touch may inflict irresistible damage on your foes.


Message History

You shoot a sling bullet.
The sling bullet barely misses the gnoll.
The gnoll is struck by your spines. The gnoll closely misses you.
You shoot a sling bullet. The sling bullet hits the gnoll.
The sling bullet freezes the gnoll.
The gnoll is struck by your spines.
You kill the gnoll!
You have reached level 6!
Your demonic ancestry asserts itself...
Your hands glow brighter with unholy energy.
You regained 6 hp, and now have 36/41 hp.
MP restored: 12
Things that are here:
a +0 flail; a +0 flail; Health restored: 41
x - a throwing net {=f, !d=f}
Things that are here:
a +0 flail; a +0 flail
Things that are here:
a +0 whip; a gnoll corpse
f - 3 inky potions (gained 1)
Found a hide-covered altar of Uskayaw.
A gnoll comes into view. It is wielding a +0 club.
A gnoll is nearby!
A gnoll is nearby!
A gnoll is nearby!
A gnoll is nearby!
You shoot a sling bullet. The sling bullet hits the gnoll.
The sling bullet freezes the gnoll.
The gnoll shouts!
You hear a shout!
You shoot a sling bullet. The sling bullet hits the gnoll.
The sling bullet freezes the gnoll.
A gnoll comes into view. It is wielding a +0 whip.
You shoot a sling bullet.
The sling bullet completely misses the gnoll.
Edmund the Younger comes into view.
He is wielding a +3 dire flail of protection.
You shoot a sling bullet. The sling bullet hits the gnoll.
The sling bullet freezes the gnoll.
You kill the gnoll!
Edmund gestures with his flail.
You shoot a sling bullet. The sling bullet closely misses Edmund.
You shoot a sling bullet. The sling bullet hits Edmund.
The sling bullet freezes Edmund.
Edmund hits you with a +3 dire flail of protection.
You take 5 damage, and have 36/41 hp.
You shoot a sling bullet. The sling bullet hits Edmund.
The sling bullet freezes Edmund.
Edmund barely misses you.
Edmund hits you with a +3 dire flail of protection!
You take 10 damage, and have 26/41 hp.
MASSIVE DAMAGE!!
The spell is quite dangerous to miscast (30% risk of failure)!
Continue anyway?
Okay, then.
Unknown command.
A beastly little devil appears in a puff of frigid air.
Edmund hits you with a +3 dire flail of protection.
You take 2 damage, and have 24/41 hp.
You now have 10/12 mp.
An orc comes into view. It is wielding a +0 hand axe.
Edmund says, "What use are spells, anyway?"
Your white imp hits Edmund but does no damage.
Fire: e) +2 hunting sling (freeze)
Aim: Edmund, wielding a +3 dire flail of protection and wearing a +0 ring mail (lightly wounded, ally target, 60% to hit)
You shoot a sling bullet. The sling bullet hits Edmund.
The sling bullet freezes Edmund.
Edmund closely misses you.
Your white imp hits Edmund but does no damage.
Fire: e) +2 hunting sling (freeze)
Aim: Edmund, wielding a +3 dire flail of protection and wearing a +0 ring mail (moderately wounded, not watching you, ally target, 60% to hit)
You shoot a sling bullet.
The sling bullet hits Edmund but does no damage.
Edmund closely misses you.
Your white imp hits Edmund.
Your white imp freezes Edmund.
The gnoll hits your white imp but does no damage.
Edmund hits you with a +3 dire flail of protection!!
* * * LOW HITPOINT WARNING * * *
Your white imp gestures at the gnoll.
The puff of frost hits the gnoll!
You take 18 damage, and have 6/41 hp.
MASSIVE DAMAGE!!
Something closely misses your white imp.
The gnoll hits your white imp with a +0 whip.
Your white imp hits the gnoll.
Your white imp freezes the gnoll.
The gnoll dies!
Something hits your white imp.
Your white imp gestures at Edmund.
The puff of frost hits Edmund.
Something hits your white imp.
Your white imp hits Edmund but does no damage.
MP restored: 12 Fire: e) +2 hunting sling (freeze)
Aim: Edmund, wielding a +3 dire flail of protection and wearing a +0 ring mail (heavily wounded, not watching you, ally target, 60% to hit)
You shoot a sling bullet.
The sling bullet hits Edmund but does no damage.
Something closely misses your white imp.
Fire: e) +2 hunting sling (freeze)
Aim: Edmund, wielding a +3 dire flail of protection and wearing a +0 ring mail (heavily wounded, ally target, 60% to hit)
You shoot a sling bullet. The sling bullet barely misses Edmund.
You block Edmund's attack.
Your white imp hits Edmund but does no damage.
The orc misses your white imp. Edmund attacks as you move away!
Edmund hits you with a +3 dire flail of protection!
You die...

#.....##....#.#†#...8.8....
#.....##....#.#.#..........
......+...(.......8.....8...
......#######.#.#.........._
....... .........8.....8...
......# ....<..#..........#
.#+#+## ...........8.8.....
.....# .................#
.....# .......@@5.#...#..
.....# ...........o.###..
<....# ...........#.)#
÷....# ...........##.#
........ .#.#+####### .#
.....### # ). .....# #.#
.....# .. ....## #.#


You could see Edmund (ally target), an orc and a friendly white imp (summoned).

Vanquished Creatures
  An ogre (D:4)
  A necrophage (D:4)
  3 gnolls (D:4)
  5 adders
  2 dart slugs
  5 endoplasms
  4 giant cockroaches
  5 goblins
  6 hobgoblins
  2 quokkas
  10 ball pythons
  5 bats
  4 frilled lizards
  2 kobolds
  4 rats
59 creatures vanquished.

Vanquished Creatures (collateral kills)
  2 gnolls (D:4)
2 creatures vanquished.

Grand Total: 61 creatures vanquished

Notes
Turn   | Place    | Note
-------+----------+-------------------------------------------
     0 | D:1      | domi the Demonspawn Hedge Wizard began the quest for the
                  | Orb.
     0 | D:1      | Reached XP level 1. HP: 13/13 MP: 4/4
   219 | D:1      | HP: 3/13 [goblin/+0 club (3)]
   495 | D:1      | Gained mutation: You are partially covered in sharp spines.
                  | [demonic ancestry]
   495 | D:1      | Reached XP level 2. HP: 19/19 MP: 6/6
   691 | D:1      | Reached skill level 2 in Conjurations
   821 | D:1      | Found a faded altar of an unknown god.
  1245 | D:2      | Gained mutation: You regenerate magic rapidly. [demonic
                  | ancestry]
  1245 | D:2      | Reached XP level 3. HP: 24/24 MP: 7/7
  1248 | D:2      | Learned a level 2 spell: Call Imp
  1251 | D:2      | Learned a level 2 spell: Blink
  1255 | D:2      | Learned a level 3 spell: Mephitic Cloud
  2047 | D:3      | Reached skill level 3 in Conjurations
  2136 | D:3      | Reached XP level 4. HP: 30/30 MP: 9/9
  2670 | D:3      | Found a runed translucent door.
  2671 | D:3      | Noticed Crazy Yiuf
  2973 | D:4      | Noticed a necrophage
  2984 | D:4      | HP: 5/28 [necrophage (6)]
  2986 | D:4      | Killed a necrophage
  2987 | D:4      | Reached skill level 1 in Shields
  2987 | D:4      | Gained mutation: Your touch may inflict minor irresistible
                  | damage on your foes. [demonic ancestry]
  2987 | D:4      | Reached XP level 5. HP: 5/35 MP: 6/10
  3271 | D:4      | Noticed an ogre
  3277 | D:4      | HP: 7/35 [ogre/+0 giant spiked club (28)]
  3278 | D:4      | Killed an ogre
  3279 | D:4      | Reached skill level 4 in Spellcasting
  3279 | D:4      | Reached skill level 4 in Conjurations
  3625 | D:4      | Gained mutation: Your touch may inflict irresistible damage
                  | on your foes. [demonic ancestry]
  3625 | D:4      | Reached XP level 6. HP: 36/41 MP: 12/12
  3697 | D:4      | Found a hide-covered altar of Uskayaw.
  3701 | D:4      | Noticed Edmund
  3709 | D:4      | HP: 6/41 [Edmund/+3 dire flail of protection (18)]
  3716 | D:4      | Slain by Edmund

Illustrated notes

Levels and vault maps discovered:
D:1:      dpeg_arrival_windows_large_door, layout_rooms,
          hellmonk_ecumenical_altar_blasted, minmay_tetromino_s4
D:2:      layout_loops_corners
D:3:      layout_basic, minmay_misc_feat_square, uniq_crazy_yiuf_cottage
D:4:      layout_basic, nicolae_uskayaw_dance_hall, uniq_sigmund, uniq_menkaure,
          uniq_edmund

Skill      XL: |  1  2  3  4  5 |
---------------+----------------+-----
Conjurations   | 2 3 4 |  4.7
Shields        | 1 |  1.8
Spellcasting   | 4 |  4.2
Dodging        | |  1.7
Stealth        | |  1.7
Summonings     | |  1.0
Translocations | |  0.8

Action                   |  1- 3 |  4- 6 || total
-------------------------+-------+-------++-------
Melee: Dagger            |    16 |       ||    16
 Fire: Hunting sling     |    69 |    62 ||   131
 Cast: Magic Dart        |    11 |     9 ||    20
       Call Imp          |       |     2 ||     2
Armor: Robe              |     5 |     4 ||     9
Dodge: Dodged            |    26 |    17 ||    43
Block: Buckler           |       |     2 ||     2

Table legend: (Time is in decaauts)
 A = Elapsed time spent in this place.
 B = Non-inter-level travel time spent in this place.
 C = Inter-level travel time spent in this place.
 D = Time resting spent in this place.
 E = Time spent auto-exploring this place.
 F = Levels seen in this place.
 G = Mean time per level.
                   A        B        C        D        E       F      G
               +--------+--------+--------+--------+--------+-----+--------+
         Total |   3782 |   3697 |     85 |    620 |   2642 |   4 |  945.5 |
       Dungeon |   3782 |   3697 |     85 |    620 |   2642 |   4 |  945.5 |
               +--------+--------+--------+--------+--------+-----+--------+

Top non-repeatable levels by time:
     D:1: 1016 daAuts
     D:3: 1004 daAuts
     D:2: 994 daAuts
     D:4: 768 daAuts

Table legend:
 A = Kills in this place as a percentage of kills in entire the game.
 B = Kills by you in this place as a percentage of kills by you in the entire game.
 C = Kills by friends in this place as a percentage of kills by friends in the entire game.
 D = Other kills in this place as a percentage of other kills in the entire game.
 E = Experience gained in this place as a percentage of experience gained in the entire game.
 F = Experience gained in this place divided by the number of levels of this place that you have seen.
                   A       B       C       D       E      F
               +-------+-------+-------+-------+-------+----------------------
         Total | 100.0 | 100.0 | 100.0 |   N/A | 100.0 | 104.5
       Dungeon | 100.0 | 100.0 | 100.0 |   N/A | 100.0 | 104.5
               +-------+-------+-------+-------+-------+----------------------
